 Dungeon Crawl Stone Soup version 0.30-a0-739-gea05faddec (webtiles) character file.

Game seed: 3498294083258516221

10 Esekla the Sneak (level 2, -1/21 HPs)
             Began as an Octopode Delver on Feb 5, 2023.
             Slain by a hound (4 damage)
             ... on level 5 of the Dungeon.
             The game lasted 00:00:56 (53 turns).

Esekla the Sneak (Octopode Delver)                    Turns: 53, Time: 00:00:57

Health: -1/21      AC:  1    Str: 11    XL:     2   Next: 20%
Magic:  2/2        EV: 13    Int: 12    God:
Gold:   0          SH:  0    Dex: 13    Spells: 1/1 levels left

rFire   . . .      SeeInvis .    a - +0 falchion
rCold   . . .      Faith    .    (no shield)
rNeg    . . .      Spirit   .    (helmet restricted)
rPois   .          Reflect  .    (no amulet)
rElec   .          Harm     .    (no ring)
rCorr   .          Rampage  .    (no ring)
Will    .....                    (no ring)
Stlth   ++++                     (no ring)
HPRegen 0.23/turn                (no ring)
MPRegen 0.08/turn                (no ring)
                                 (no ring)
                                 (no ring)

@: weakened, hasted, very quick
A: almost no armour, amphibious, 8 rings, camouflage 1, gelatinous body 1,
(nimble swimmer 1), tentacles
a: no special abilities


You were on level 5 of the Dungeon.
You visited 1 branch of the dungeon, and saw 1 of its levels.

Inventory:

Hand Weapons
 a - a +0 falchion (weapon)
Wands
 f - a wand of digging (3)
Scrolls
 b - a scroll of fog
 g - a scroll of teleportation {unknown}


   Skills:
 * Level 3.1 Fighting
 * Level 2.1 Long Blades
 * Level 2.1 Dodging
 + Level 6.9 Stealth
 * Level 0.3 Spellcasting


You had one spell level left.
You didn't know any spells.
Your spell library was empty.

Dungeon Overview and Level Annotations

Branches:
Dungeon (5/15)
 Temple: D:4-7

Altars:
Ashenzari


Innate Abilities, Weirdness & Mutations

You cannot wear most types of armour.
You are amphibious.
You can wear up to eight rings at the same time.
Your skin changes colour to match your surroundings (Stealth+).
Your rubbery body absorbs attacks. (AC +1, EV +1)
((You are camouflaged when in or above water. (Stealth+)))
You have tentacles for arms and can constrict up to eight enemies at once.


Message History

Cornered, the gnoll turns to fight!
You open the door.
There is an open door here.
You close the door.
A hound comes into view.
The gnoll bouda barks out a call to the hunt!
The gnoll picks up the pace!
The hound barks!
You hit the gnoll but do no damage. You grab the gnoll. You squeeze the gnoll.
The gnoll is heavily wounded.
You constrict the gnoll, but do no damage.
The gnoll hits you with a +0 whip!
Ouch! That really hurt!
You hit the gnoll.
The gnoll is almost dead.
You constrict the gnoll, but do no damage.
The gnoll misses you.
You hit the gnoll.
You kill the gnoll!
The hound bites you.
* * * LOW HITPOINT WARNING * * *
A hound comes into view.
You have reached level 2!
You feel yourself speed up. The hound barely misses you.
The gnoll bouda gazes fiercely through you!
You feel your attacks grow feeble. The hound closely misses you.
The hound attacks as you move away! The hound bites you.
* * * LOW HITPOINT WARNING * * *
You hear the slow hiss of a very distant avalanche of sand.
The hound closely misses you. The hound attacks as you move away!
The hound closely misses you.
You hit the hound. Your grab misses the hound.
The hound is lightly wounded.
The hound closely misses you.
You hit the hound. Your grab misses the hound.
The hound is moderately wounded.
The hound stops to sniff the ground.
The hound bites you.
You die...

#.........,,,,,,,,*#.g..,,,..,,,,
.........,,,,,,,,,,*...*,,...,,,,
.........,,,#####,,,..#*,....,,,,
........#####.g.#####?##.....,,,,
#.......+..g.._...gg'........,,,,
,...##..#####...#####.##....,,,,,
,,,,*#......#####......#*,,.,,,,,
,,,,*#.......g.h.......#*,,,,,,,,
,,......###)...#@......#,,,,,,,,,
*...##..# ##..##...........,**,,,
*.......###...##....##.....***,,,
,.,.......>...#.....#*.....#**,,*
,,............#....##*......,,,**
**....h.............#......#,,,**
*,,........................*,,,,,
**,...........<....#####,,,,,,,,,
,,,...............##*****,,,,,,,,


You could see a gnoll bouda and a hound.

Vanquished Creatures
  A gnoll (D:5)
1 creature vanquished.

Notes
Turn   | Place    | Note
-------+----------+-------------------------------------------
     0 | D:5      | Esekla the Octopode Delver began the quest for the Orb.
     0 | D:5      | Reached XP level 1. HP: 16/16 MP: 1/1
    18 | D:5      | Found a broken altar of Ashenzari.
    19 | D:5      | Noticed a gnoll bouda
    42 | D:5      | Noticed a hound
    46 | D:5      | Noticed a hound
    47 | D:5      | Reached XP level 2. HP: 5/21 MP: 2/2
    53 | D:5      | Slain by a hound

Illustrated notes

Levels and vault maps discovered:
D:5:      layout_cave_pools, brannock_xom_greatest_gift,
          mainiacjoe_overflow_surrounded_room, nicolae_uskayaw_suspiria,
          lemuel_mausoleum_altar_yredelemnul, serial_gnoll_camp,
          gnoll_camp_mini_house, gnoll_camp_medium_01, gnoll_camp_mini_house,
          gnoll_camp_mini_doghouse, enter_ossuary_4

Action                     || total
---------------------------++-------
  Melee: Falchion          ||     5
         Constrict         ||     1
         Tentacles         ||     1
    Use: Scroll            ||     2
         Potion            ||     1
  Dodge: Dodged            ||     6

Table legend: (Time is in decaauts)
 A = Elapsed time spent in this place.
 B = Non-inter-level travel time spent in this place.
 C = Inter-level travel time spent in this place.
 D = Time resting spent in this place.
 E = Time spent auto-exploring this place.
 F = Levels seen in this place.
 G = Mean time per level.
                   A        B        C        D        E       F      G
               +--------+--------+--------+--------+--------+-----+--------+
         Total |     52 |     52 |      0 |      0 |      0 |   1 |   52.0 |
       Dungeon |     52 |     52 |      0 |      0 |      0 |   1 |   52.0 |
               +--------+--------+--------+--------+--------+-----+--------+

Top non-repeatable levels by time:
     D:5: 52 daAuts
